 Dungeon Crawl Stone Soup version 0.32-a0-995-gb4a59205af (webtiles) character file.

Game seed: 2749902053361552507

679 NotBatman the Slasher (level 7, -8/56 HPs)
             Began as a Gnoll Wanderer on Apr 22, 2024.
             Mangled by Pikel the sea snake (9 damage)
             ... in the Ecumenical Temple.
             The game lasted 00:07:09 (3355 turns).

NotBatman the Slasher (Gnoll Wanderer)              Turns: 3355, Time: 00:07:12

Health: -8/56      AC: 15    Str: 12    XL:     7   Next: 60%
Magic:  12/12      EV: -2    Int: 13    God:
Gold:   172        SH: 11    Dex: 11    Spells: 12/13 levels left

rFire   . . .        a - +2 falchion
rCold   . . .        i - +0 tower shield {AC+3}
rNeg    . . .        d - +0 plate armour
rPois   .            (no helmet)
rElec   .            c - +0 cloak
rCorr   .            (no gloves)
SInv    .            (no boots)
Will    .....        (no amulet) Stlth
                     (no ring)
HPRegen 0.29/turn    (no ring)
MPRegen 0.13/turn

%: no passive effects
@: no status effects
A: fangs 1, strong nose, distributed training
a: no special abilities


You were in the Ecumenical Temple.
You visited 2 branches of the dungeon, and saw 5 of its levels.

You collected 172 gold pieces.

Inventory:

Hand Weapons
 a - a +2 falchion (weapon)
 k - the +9 spear of the Foremost Seers {freeze, *Rage rC+++ MP-9 Str+2}
   (You found it on level 4 of the Dungeon)

   Str+2:     It affects your strength (+2).
   rC+++:     It renders you almost immune to cold.
   MP-9:      It affects your magic capacity (-9).
   *Rage:     It berserks you when you make melee attacks (+20% chance).
 l - the +11 plutonium sword {^Contam Stlth-}
   (You acquired it on level 4 of the Dungeon)

   ^Contam:   It causes magical contamination when unequipped.
   Stlth-:    It makes you less stealthy.
Missiles
 e - a throwing net
 j - 2 silver javelins
Armour
 c - a +0 cloak (worn)
 d - a +0 plate armour (worn)
 i - a +0 tower shield of protection (worn)
Jewellery
 g - a +6 ring of intelligence
Wands
 b - a wand of polymorph (5)
Scrolls
 m - a scroll of identify
Potions
 f - 2 potions of enlightenment
 h - 2 potions of brilliance


   Skills:
 + Level 5.3 Fighting
 + Level 2.7 Short Blades
 + Level 7.1 Long Blades
 + Level 2.7 Axes
 + Level 2.7 Maces & Flails
 + Level 2.7 Polearms
 + Level 2.7 Staves
 + Level 2.7 Ranged Weapons
 + Level 2.7 Throwing
 + Level 3.8 Armour
 + Level 2.7 Dodging
 + Level 2.7 Stealth
 + Level 2.7 Shields
 + Level 2.7 Unarmed Combat
 + Level 3.9 Spellcasting
 + Level 2.2 Conjurations
 + Level 2.2 Hexes
 + Level 2.2 Summonings
 + Level 2.2 Necromancy
 + Level 2.2 Translocations
 + Level 2.2 Fire Magic
 + Level 2.2 Ice Magic
 + Level 3.1 Air Magic
 + Level 2.2 Earth Magic
 + Level 2.2 Alchemy
 + Level 3.0 Invocations
 + Level 5.3 Evocations
 + Level 2.4 Shapeshifting


You had 12 spell levels left.
You knew the following spells:

 Your Spells              Type           Power      Damage    Failure   Level
a - Shock                 Conj/Air       36%        1d5       100%        1

Your spell library contained the following spells:

 Spells                   Type           Power      Damage    Failure   Level
 Hailstorm                Conj/Ice       8%         3d5       100%        3
 Mephitic Cloud           Conj/Alch/Air  9%         N/A       100%        3
 Summon Ice Beast         Ice/Summ       8%         N/A       100%        3
 Permafrost Eruption      Ice/Erth       4%         2x4d2     100%        6
 Sculpt Simulacrum        Ice/Alch       4%         N/A       100%        6


Dungeon Overview and Level Annotations

Branches:
Dungeon (4/15)             Temple (1/1) D:4

Altars:
Ashenzari
Fedhas
Gozag
Hepliaklqana
Kikubaaqudgha
Okawaru
Ru
Sif Muna
Trog
Uskayaw
Vehumet
Wu Jian
Xom
The Shining One
Jiyva

Annotations:
Temple Pikel


Innate Abilities, Weirdness & Mutations

You have very sharp teeth.
Your uncanny sense of smell can sniff out nearby items.
Your experience applies equally to all skills.


Message History

You block Pikel's attack.
You climb downwards.
Welcome to the Ecumenical Temple!
Found a staircase back to the Dungeon.
There is a staircase back to the Dungeon here.
Unknown command.
You hit Pikel.
Pikel is lightly wounded.
The lemure hits you.
* * * LOW HITPOINT WARNING * * *
Pikel hits you but does no damage.
Unknown command.
You closely miss Pikel.
Pikel is lightly wounded.
The lemure hits you but does no damage. Pikel hits you but does no damage.
Unknown command.
You hit Pikel.
Pikel is moderately wounded.
The lemure hits you.
* * * LOW HITPOINT WARNING * * *
You block Pikel's attack. The lemure hits you but does no damage.
Pikel hits you but does no damage.
Unknown command.
You hit Pikel. Your bite misses Pikel.
Pikel is moderately wounded.
You block the lemure's attack.
Pikel hits you with a +0 whip of freezing!
* * * LOW HITPOINT WARNING * * *
Pikel freezes you.
* * * LOW HITPOINT WARNING * * *
Unknown command.
Unknown command.
Unknown command.
Okay, then.
Okay, then.
Aiming: Polymorph
Press: ? - help, Shift-Dir - straight line, f - Pikel
Aim: Pikel, wielding a +0 whip of freezing and wearing a +0 robe (moderately wounded, will become a sea snake, a black bear, or a golden eye, chance to affect: 62%) Pikel evaporates and reforms as a sea snake!
You block the lemure's attack. Pikel bites you!
You die...

##_##..##_##.....##
#...#.##...##.....##
_..##..##.._##.....#
..._##.#_....##....#
...##..##....##....#
_.#.#.##.#._###....#
####....#######....#
.#..._....#...#5...#
#...#....#...#..@S.#
####....#######....#
_.#.#.##.#._###....#
...##..##....##....#
..._##.#_....##....#
_..##..##.._##.....#
#...#.##...##.....##
##_##..##_##.....##
.#####.####.....##


You could see Pikel the sea snake and a lemure.

Vanquished Creatures
  Grinder (D:3)
  A phantom (D:4)
  A lemure (D:4)
  A scorpion (D:3)
  2 hounds
  A bombardier beetle (D:4)
  An orc priest (D:4)
  Terence (D:3)
  An orc wizard (D:4)
  4 gnolls (D:3)
  5 adders
  4 dart slugs
  2 ribbon worms (D:3)
  9 orcs
  7 bats
  An endoplasm (D:1)
  10 giant cockroaches
  9 hobgoblins
  8 quokkas
  5 ball pythons
  7 frilled lizards
  6 goblins
  4 kobolds
  6 rats
97 creatures vanquished.

Notes
Turn   | Place    | Note
-------+----------+-------------------------------------------
     0 | D:1      | NotBatman the Gnoll Wanderer began the quest for the Orb.
     0 | D:1      | NotBatman set off with the following items: a +2 falchion,
                  | a wand of polymorph (6), a potion of heal wounds, a +0
                  | robe; and the following spell memorised: Shock; and the
                  | following spells available to memorise: Mephitic Cloud.
     0 | D:1      | Reached XP level 1. HP: 20/20 MP: 4/4
   112 | D:1      | Reached XP level 2. HP: 26/26 MP: 5/5
   540 | D:1      | Reached XP level 3. HP: 31/31 MP: 7/7
   837 | D:2      | Reached skill level 1 in Invocations
  1088 | D:2      | Reached skill level 1 in Short Blades
  1088 | D:2      | Reached skill level 1 in Axes
  1088 | D:2      | Reached skill level 1 in Maces & Flails
  1088 | D:2      | Reached skill level 1 in Polearms
  1088 | D:2      | Reached skill level 1 in Staves
  1088 | D:2      | Reached skill level 1 in Ranged Weapons
  1088 | D:2      | Reached skill level 1 in Throwing
  1088 | D:2      | Reached skill level 1 in Dodging
  1088 | D:2      | Reached skill level 1 in Stealth
  1088 | D:2      | Reached skill level 1 in Shields
  1088 | D:2      | Reached skill level 1 in Unarmed Combat
  1241 | D:2      | You fall into a shaft and drop 1 floor!
  1742 | D:3      | Reached skill level 1 in Conjurations
  1742 | D:3      | Reached skill level 1 in Hexes
  1742 | D:3      | Reached skill level 1 in Summonings
  1742 | D:3      | Reached skill level 1 in Necromancy
  1742 | D:3      | Reached skill level 1 in Translocations
  1742 | D:3      | Reached skill level 1 in Fire Magic
  1742 | D:3      | Reached skill level 1 in Ice Magic
  1742 | D:3      | Reached skill level 1 in Earth Magic
  1742 | D:3      | Reached skill level 1 in Alchemy
  1742 | D:3      | Reached skill level 1 in Shapeshifting
  1742 | D:3      | Reached XP level 4. HP: 37/38 MP: 8/8
  1881 | D:3      | Reached XP level 5. HP: 36/43 MP: 9/9
  2077 | D:3      | Noticed Grinder
  2085 | D:3      | Paralysed by Grinder for 5 turns
  2105 | D:3      | Paralysed by Grinder for 5 turns
  2114 | D:3      | Paralysed by Grinder for 3 turns
  2127 | D:3      | Killed Grinder
  2128 | D:3      | Reached skill level 5 in Fighting
  2128 | D:3      | Reached skill level 5 in Evocations
  2128 | D:3      | Reached XP level 6. HP: 34/51 MP: 9/11
  2198 | D:3      | Found an ornate altar of the Wu Jian Council.
  2236 | D:3      | Noticed Terence
  2246 | D:3      | Killed Terence
  2634 | D:3      | Found an ancient bone altar of Kikubaaqudgha.
  2634 | D:3      | Found an opulent altar of Gozag.
  2821 | D:3      | Reached skill level 7 in Long Blades
  2821 | D:3      | Reached XP level 7. HP: 50/56 MP: 12/12
  2919 | D:4      | Identified the +9 spear of the Foremost Seers {freeze,
                  | *Rage rC+++ MP-9 Str+2}
  3065 | D:4      | Identified a scroll of acquirement
  3065 | D:4      | Acquired the +11 plutonium sword {^Contam Stlth-}
  3065 | D:4      | Found the +11 plutonium sword {^Contam Stlth-}
  3303 | D:4      | Noticed Pikel
  3339 | D:4      | Found a staircase to the Ecumenical Temple.
  3350 | Temple   | Entered the Ecumenical Temple
  3354 | Temple   | HP: 2/56 [Pikel/+0 whip of freezing (7)]
  3355 | Temple   | Pikel changed into Pikel the sea snake
  3355 | Temple   | Noticed Pikel
  3355 | Temple   | Mangled by Pikel the sea snake

Illustrated notes

Levels and vault maps discovered:
D:1:      orjb1_clovarrival, layout_loops_ring
D:2:      layout_loops_ring
D:3:      minmay_roachtagon, layout_basic, mainiacjoe_overflow_boulevard,
          gammafunk_temple_overflow_elements, uniq_grinder, uniq_terence
D:4:      layout_cave_pools, yredelemnul_forgotten_temple_becter, temple_hall,
          minmay_joined_circles, uniq_pikel
Temple:   pf_slime_end_temple

Skill      XL: |  1  2  3  4  5  6  7 |
---------------+----------------------+-----
Air Magic      | 2 3 |  3.1
Invocations    | 1 2 3 |  3.0
Short Blades   | 1 2 |  2.7
Axes           | 1 2 |  2.7
Maces & Flails | 1 2 |  2.7
Polearms       | 1 2 |  2.7
Staves         | 1 2 |  2.7
Ranged Weapons | 1 2 |  2.7
Throwing       | 1 2 |  2.7
Dodging        | 1 2 |  2.7
Stealth        | 1 2 |  2.7
Shields        | 1 2 |  2.7
Unarmed Combat | 1 2 |  2.7
Spellcasting   | 3 |  3.9
Conjurations   | 1 2 |  2.2
Hexes          | 1 2 |  2.2
Summonings     | 1 2 |  2.2
Necromancy     | 1 2 |  2.2
Translocations | 1 2 |  2.2
Fire Magic     | 1 2 |  2.2
Ice Magic      | 1 2 |  2.2
Earth Magic    | 1 2 |  2.2
Alchemy        | 1 2 |  2.2
Shapeshifting  | 1 2 |  2.4
Armour         | 3 |  3.8
Fighting       | 5 |  5.3
Evocations     | 5 |  5.3
Long Blades    | 7 |  7.1

Action                     |  1- 3 |  4- 6 |  7- 9 || total
---------------------------+-------+-------+-------++-------
  Melee: Falchion          |   108 |   123 |   124 ||   355
         Bite              |    16 |    13 |     8 ||    37
  Evoke: Wand              |       |       |     1 ||     1
    Use: Scroll            |     2 |     1 |     3 ||     6
         Potion            |       |     1 |       ||     1
   Stab: Sleeping          |     1 |       |       ||     1
 Armour: Robe              |    24 |       |       ||    24
         Plate armour      |    26 |   198 |   170 ||   394
         Leather armour    |    23 |       |       ||    23
  Dodge: Dodged            |    42 |    17 |    12 ||    71
  Block: Tower shield      |       |       |    97 ||    97

Table legend: (Time is in decaauts)
 A = Elapsed time spent in this place.
 B = Non-inter-level travel time spent in this place.
 C = Inter-level travel time spent in this place.
 D = Time resting spent in this place.
 E = Time spent auto-exploring this place.
 F = Levels seen in this place.
 G = Mean time per level.
                   A        B        C        D        E       F      G
               +--------+--------+--------+--------+--------+-----+--------+
         Total |   3409 |   3232 |    177 |    524 |   1901 |   5 |  681.8 |
       Dungeon |   3403 |   3226 |    177 |    524 |   1901 |   4 |  850.8 |
        Temple |      6 |      6 |      0 |      0 |      0 |   1 |    6.0 |
               +--------+--------+--------+--------+--------+-----+--------+

Top non-repeatable levels by time:
     D:3: 1036 daAuts
     D:2: 860 daAuts
     D:1: 845 daAuts
     D:4: 661 daAuts
  Temple: 6 daAuts
